 Dungeon Crawl Stone Soup version 0.27-a0-92-g39ad13b146 (webtiles) character file.

Game seed: 5111050281131437406

8046 kae the Martial Artist (level 11, -6/67 (68) HPs)
             Began as a Tengu Monk on Jan 15, 2021.
             Was an Elder of Qazlal.
             Killed by the air
             ... invoked by Gastronok
              (53 damage)
             ... on level 10 of the Dungeon.
             The game lasted 00:07:46 (12301 turns).

kae the Martial Artist (Tengu Monk)                Turns: 12301, Time: 00:07:46

HP:   -6/67 (68)    AC:  9    Str: 14    XL:     11   Next: 24%
MP:   16/16         EV: 21    Int: 12    God:    Qazlal [****..]
Gold: 431           SH:  5    Dex: 22    Spells: 10/10 levels left

rFire    . . .     SeeInvis .     - Unarmed
rCold    . . .     Faith    .   (no shield)
rNeg     . . .     Spirit   .   q - +1 ring mail
rPois    .         Reflect  .   (helmet restricted)
rElec    .         Harm     .   (no cloak)
rCorr    .         Rampage  .   (no gloves)
Will     ++...                  (boots unavailable)
Stlth    +.........             D - amulet of regeneration
HPRegen  0.61/turn              m - +6 ring of dexterity
MPRegen  0.15/turn              t - ring of attention (curse)

@: flying quickly and evasively, lightly drained, repel missiles, quick
A: beak, talons 3, iridescent scales 1, strong-willed 2, able to fly
a: Stop Flying, Renounce Religion, Upheaval, Elemental Force


You were on level 10 of the Dungeon.
You worshipped Qazlal.
Qazlal was greatly pleased with you.
You visited 1 branch of the dungeon, and saw 12 of its levels.

You collected 535 gold pieces.
You spent 104 gold pieces at shops.

Inventory:

Armour
 a - a +0 robe
 q - a +1 ring mail (worn)
Jewellery
 c - a +6 ring of strength
 d - a +6 ring of strength
 h - an uncursed amulet of reflection
 m - a +6 ring of dexterity (left hand)
 t - a cursed ring of attention (right hand)
 w - an uncursed ring of willpower
 D - an amulet of regeneration (around neck)
Wands
 b - a wand of digging (5)
 s - a wand of paralysis (8)
 y - a wand of iceblast (7)
 z - a wand of random effects (18)
 A - a wand of enslavement (8)
Scrolls
 f - 7 scrolls of teleportation
 j - 4 scrolls of enchant armour
 k - 2 scrolls of fear
 l - 4 scrolls of magic mapping
 B - a scroll of identify
Potions
 e - a potion of curing
 g - a potion of flight
 i - a potion of might
 n - 3 potions of heal wounds
 o - a potion of invisibility
 p - 3 potions of ambrosia
 r - 3 potions of attraction
 u - a potion of lignification
 v - a potion of berserk rage
 x - a potion of haste
 C - 2 potions of degeneration


   Skills:
 + Level 7.8 Fighting
 + Level 7.7 Armour
 + Level 8.4 Dodging
 - Level 2.0 Stealth
 * Level 11.4 Unarmed Combat
 + Level 5.6 Invocations


You had 10 spell levels left.
You didn't know any spells.
Your spell library contained the following spells:

 Spells                   Type           Power        Failure   Level
 Freeze                   Ice            0%           52%         1
 Magic Dart               Conj           0%           52%         1
 Summon Small Mammal      Summ           0%           52%         1
 Blink                    Tloc           N/A          67%         2
 Call Imp                 Summ           0%           67%         2
 Slow                     Hex            0%           67%         2
 Call Canine Familiar     Summ           0%           88%         3
 Conjure Flame            Conj/Fire      0%           88%         3
 Frozen Ramparts          Ice            0%           88%         3
 Mephitic Cloud           Conj/Pois/Air  0%           88%         3
 Ozocubu's Armour         Ice            0%           88%         3
 Summon Guardian Golem    Hex/Summ       0%           88%         3
 Hailstorm                Conj/Ice       0%           99%         4
 Summon Ice Beast         Ice/Summ       0%           99%         4
 Summon Lightning Spire   Summ/Air       0%           99%         4


Dungeon Overview and Level Annotations

Branches:
Dungeon (12/15)            Temple (0/1) D:4            Lair (0/6) D:9
    Orc: D:9-12

Altars:
Cheibriados
Elyvilon
Kikubaaqudgha
Qazlal

Shops:
D:4 *   D:6 [   D:9 ?   D:12 :[?

Annotations:
D:7 4 runed translucent doors
D:10 Gastronok


Innate Abilities, Weirdness & Mutations

You have a beak for a mouth.
You have claws for feet.
You can fly continuously.
You are partially covered in iridescent scales. (AC +2)
You are highly strong-willed. (Will++)


Message History

The bolt of electricity hits you!
You closely miss the electric eel. Your kick misses the electric eel.
Your peck misses the electric eel.
The electric eel is moderately wounded.
The electric eel shoots out a bolt of lightning at you!
The bolt of electricity misses you.
You completely miss the electric eel. You claw the electric eel!
The electric eel is severely wounded.
An ogre comes into view. It is wielding a +0 giant spiked club.
An ice beast comes into view.
You hit the electric eel. You claw the electric eel.
You kill the electric eel!
Qazlal accepts your kill.
There are monsters nearby!
Gastronok the Ponderous comes into view.
Gastronok gurgles horribly!
Gastronok waves his eye-stalks in wide circles.
The air twists around and violently strikes you in flight!!!
Ouch! That really hurt!
You die...

#####.......#..#........,,,,,,,*
,,,,#.......#.....###..,,***,,,*
,,,,#######.#....#.).#,,*,,,*,,*
,,,,,,,...###..#.#.⌠.#,.*,⌠,*,,*
,,,,,,,........#.#..,*≈≈*,,,*,,*
,,,,,,,........#.≈###≈≈≈≈***≈,,*
,,,,,,,........#○.°≈≈≈≈≈≈≈≈≈,,,**
,,*****.......:...☼≈≈≈≈≈≈≈≈≈,,,,*
***,,,+.........@≈###≈≈≈≈***≈,***
,,,,,,*.........○#...#≈≈*,,,*,*
,,,,,,*.........Y#.⌠.#,,*,⌠,*,*
,,,,,,*........O.#...#,,*,,,*,*
,,,,,,*....##+##..*##..,,***,,*
*******....*,,,....,,...,,,,,,*
,,,,,,,...,+,,,.....,,..***,,**
*****,,,,***,,,.w..,,,,,,,,*,*
*,,,,*,,,,,,,,,,,,,,,,,*,*


You could see Gastronok, an ice beast and an ogre.

Vanquished Creatures
  Joseph (D:7)
  Psyche (D:10)
  A komodo dragon (D:9)
  Prince Ribbit (D:7)
  Sigmund (D:2)
  A wraith (D:9)
  6 yaks (D:9)
  A steam dragon (D:9)
  A vampire mosquito (D:11)
  3 water moccasins (D:9)
  2 orc warriors
  2 ice beasts
  3 sky beasts
  3 black bears
  A phantom (D:9)
  10 ogres
  4 centaurs
  8 bullfrogs
  2 water moccasin zombies
  A wyvern skeleton (D:9)
  2 scorpions
  6 killer bees
  10 wights
  An electric eel (D:10)
  3 howler monkeys
  3 jellies
  A bullfrog zombie (D:6)
  A centaur zombie (D:10)
  A quasit (D:6)
  A hound (D:6)
  Crazy Yiuf (D:2)
  2 orc priests (D:8)
  10 orc wizards
  2 bullfrog skeletons
  A centaur skeleton (D:6)
  5 iguanas
  Natasha (thrice) (D:2)
  10 worker ants
  A killer bee zombie (D:9)
  2 hound skeletons
  Robin (D:3)
  A gnoll (D:7)
  2 howler monkey skeletons
  14 adders
  2 shadow imps
  A white imp (D:5)
  An ufetubus (D:9)
  2 worms
  4 dart slugs
  4 leopard geckos
  39 orcs
  6 giant cockroaches
  16 goblins
  10 hobgoblins
  5 jackals
  4 quokkas
  8 bats
  5 frilled lizards
  10 kobolds
  7 rats
261 creatures vanquished.

Vanquished Creatures (others)
  58 fungi
  50 plants (D:9)
108 creatures vanquished.

Grand Total: 369 creatures vanquished

Notes
Turn   | Place    | Note
-------+----------+-------------------------------------------
     0 | D:1      | kae the Tengu Monk began the quest for the Orb.
     0 | D:1      | Reached XP level 1. HP: 14/14 MP: 2/2
   336 | D:1      | Reached XP level 2. HP: 8/19 MP: 3/3
   874 | D:1      | Reached skill level 1 in Armour
   876 | D:1      | Reached XP level 3. HP: 23/23 MP: 4/4
  1100 | D:1      | Reached skill level 4 in Unarmed Combat
  1283 | D:2      | Reached XP level 4. HP: 28/28 MP: 5/5
  1322 | D:2      | Noticed Natasha
  1326 | D:2      | Killed Natasha
  1607 | D:2      | Noticed Natasha
  1614 | D:2      | Killed Natasha
  1615 | D:2      | Gained mutation: You can fly continuously. [Tengu growth]
  1615 | D:2      | Reached XP level 5. HP: 8/33 MP: 6/6
  1886 | D:2      | Found a runed translucent door.
  1887 | D:2      | Noticed Crazy Yiuf
  2159 | D:2      | Noticed Natasha
  2275 | D:2      | Noticed Sigmund
  2278 | D:2      | Gained mutation: You are partially covered in iridescent
                  | scales. (AC +2) [potion of mutation]
  2278 | D:2      | Gained mutation: You are strong-willed. (Will+) [potion of
                  | mutation]
  2278 | D:2      | Gained mutation: You are highly strong-willed. (Will++)
                  | [potion of mutation]
  2453 | D:2      | Killed Sigmund
  2454 | D:2      | Reached skill level 5 in Unarmed Combat
  2454 | D:2      | Reached XP level 6. HP: 26/38 MP: 7/7
  2655 | D:2      | Killed Natasha
  2938 | D:2      | Killed Crazy Yiuf
  4122 | D:3      | Noticed Robin
  4244 | D:3      | Killed Robin
  4817 | D:3      | Found a stormy altar of Qazlal.
  4818 | D:3      | Noticed a fire elemental
  4833 | D:3      | Noticed a water elemental
  4834 | D:3      | Noticed an air elemental
  4853 | D:3      | Became a worshipper of Qazlal Stormbringer
  4853 | D:3      | Reached * piety under Qazlal
  4853 | D:3      | Reached ** piety under Qazlal
  5089 | D:4      | Reached XP level 7. HP: 44/44 MP: 8/8
  5105 | D:4      | Reached skill level 6 in Unarmed Combat
  5271 | D:4      | Reached skill level 1 in Invocations
  5364 | D:4      | Reached skill level 5 in Dodging
  5492 | D:4      | Found a staircase to the Ecumenical Temple.
  5496 | D:4      | Found Keiqeimo's General Store.
  5900 | D:4      | Reached *** piety under Qazlal
  5901 | D:4      | Reached XP level 8. HP: 34/48 MP: 10/10
  6501 | D:5      | Entered Level 5 of the Dungeon
  6564 | D:5      | Found an ancient bone altar of Kikubaaqudgha.
  6758 | D:5      | Reached skill level 5 in Fighting
  6758 | D:5      | Reached skill level 7 in Unarmed Combat
  7651 | D:6      | Found Kocodise's Armour Shoppe.
  7852 | D:6      | Found a snail-covered altar of Cheibriados.
  7864 | D:6      | Reached skill level 8 in Unarmed Combat
  7952 | D:6      | Reached XP level 9. HP: 51/54 MP: 12/12
  8206 | D:7      | Found a white marble altar of Elyvilon.
  8208 | D:7      | Noticed Prince Ribbit
  8217 | D:7      | Killed Prince Ribbit
  8218 | D:7      | Reached skill level 5 in Armour
  8537 | D:7      | Found a large runed translucent door.
  8537 | D:7      | Found a large runed translucent door.
  8540 | D:7      | Noticed a troll
  8691 | D:7      | Found a large runed translucent door.
  8691 | D:7      | Found a large runed translucent door.
  8719 | D:7      | Reached skill level 9 in Unarmed Combat
  8841 | D:7      | Noticed Joseph
  8853 | D:7      | Killed Joseph
  9695 | D:8      | Reached XP level 10. HP: 52/61 MP: 14/14
  9802 | D:8      | Reached **** piety under Qazlal
 10570 | D:9      | You are sucked into a shaft and drop 3 floors!
 10570 | D:12     | Found Baemup's Magic Scroll Emporium.
 10571 | D:12     | Noticed a two-headed ogre
 10571 | D:12     | Noticed a boulder beetle
 10577 | D:12     | Found Ceilumes's Book Shop.
 10578 | D:12     | Noticed a cyclops
 10580 | D:12     | Found Domoymo's Armour Emporium.
 10603 | D:10     | Entered Level 10 of the Dungeon
 10628 | D:10     | Reached skill level 10 in Unarmed Combat
 10913 | D:9      | Found Kinuesma's Magic Scroll Emporium.
 10956 | D:9      | Reached skill level 5 in Invocations
 11192 | D:9      | Bought a scroll of identify for 26 gold pieces
 11195 | D:9      | Bought a scroll of identify for 26 gold pieces
 11195 | D:9      | Bought a scroll of identify for 26 gold pieces
 11195 | D:9      | Bought a scroll of identify for 26 gold pieces
 11204 | D:9      | Found a staircase to the Lair.
 11228 | D:9      | Reached skill level 11 in Unarmed Combat
 11340 | D:9      | Reached XP level 11. HP: 67/67 MP: 14/16
 12077 | D:10     | Noticed Psyche
 12144 | D:10     | Killed Psyche
 12301 | D:10     | Noticed Gastronok
 12301 | D:10     | Killed from afar by Gastronok

Illustrated notes

Levels and vault maps discovered:
D:1:      dpeg_arrival_rooms_b, layout_basic, minmay_pentomino_q2
D:2:      layout_basic, uniq_sigmund, uniq_natasha, uniq_crazy_yiuf_cottage
D:3:      layout_basic, nicolae_qazlal_style_of_elements, uniq_robin
D:4:      layout_loops_corners, minmay_temple_entry_statues_pillars,
          serial_shops, kennysheep_mini_moat, corexii_leaking_fountain
D:5:      layout_gridville, basic_altar, nrook_loot_triangle
D:6:      layout_basic, basic_altar, serial_shops, nicolae_shop_stone,
          minmay_misc_feat_tiny
D:7:      layout_loops_cross, elyvilon_altar_5, serial_park_tiny_1,
          minmay_hollow_rounded_squares, uniq_joseph, uniq_prince_ribbit1
D:8:      layout_gridville, minivault_25
D:9:      layout_roguey, due_lair_maze_entry_diamond, serial_aquarium,
          aquarium_bridge_square [aquarium_subvault_balcony,
          aquarium_subvault_window, aquarium_subvault_wall,
          aquarium_subvault_bridge], aquarium_bridge_long_joined
          [aquarium_subvault_wall, aquarium_subvault_bridge,
          aquarium_subvault_balcony, aquarium_subvault_balcony,
          aquarium_subvault_bridge, aquarium_subvault_window],
          aquarium_window_fake, aquarium_window_2, aquarium_window_corner,
          aquarium_window_3, aquarium_view_2g, aquarium_view_2c, serial_shops,
          shop_scrolls, minmay_misc_feat_four_crosses, minivault_25
D:10:     layout_irregular_city, gammafunk_ghost_berserking_beasts, basic_altar,
          fountainhead, uniq_gastronok, uniq_psyche
D:11:     minmay_goldmine, layout_stronghold, erik_orc_2,
          gammafunk_ghost_berserking_beasts
D:12:     layout_cave_pools, serial_shops, shop, shop, shop,
          nicolae_shop_waterfront, uniq_nessos

Skill      XL: |  1  2  3  4  5  6  7  8  9 10 |
---------------+-------------------------------+-----
Armour         | 1 2 3 4 6 7 |  7.7
Unarmed Combat | 4 5 6 8 9 11 | 11.4
Dodging        | 4 5 6 7 8 |  8.4
Fighting       | 4 5 6 7 |  7.8
Invocations    | 1 2 4 5 |  5.6
Stealth        | |  2.0

Action                   |  1- 3 |  4- 6 |  7- 9 | 10-12 || total
-------------------------+-------+-------+-------+-------++-------
Melee: Unarmed           |    80 |   149 |   312 |   264 ||   805
       Kick              |    15 |    39 |    89 |   109 ||   252
       Peck              |     8 |    23 |    55 |    58 ||   144
       Punch             |     1 |     3 |    13 |    14 ||    31
Invok: Upheaval          |       |       |       |     8 ||     8
 Abil: Fly               |       |     1 |       |       ||     1
Evoke: Wand              |       |       |     1 |       ||     1
  Use: Potion            |       |     6 |     1 |       ||     7
       Scroll            |       |     2 |    11 |    10 ||    23
 Stab: Sleeping          |     4 |     8 |       |       ||    12
       Distracted        |       |     2 |       |       ||     2
       Paralysed         |       |       |     2 |       ||     2
Armor: Robe              |    21 |     9 |     2 |       ||    32
       Ring mail         |       |       |    34 |    32 ||    66
Dodge: Dodged            |    85 |   108 |   148 |   148 ||   489
Block: Other             |       |     1 |    60 |    77 ||   138
       Reflection        |       |       |     5 |     3 ||     8

Table legend: (Time is in decaauts)
 A = Elapsed time spent in this place.
 B = Non-inter-level travel time spent in this place.
 C = Inter-level travel time spent in this place.
 D = Time resting spent in this place.
 E = Time spent auto-exploring this place.
 F = Levels seen in this place.
 G = Mean time per level.
                   A        B        C        D        E       F      G
               +--------+--------+--------+--------+--------+-----+--------+
         Total |  11629 |  11513 |    116 |   2187 |   7827 |  12 |  969.1 |
       Dungeon |  11629 |  11513 |    116 |   2187 |   7827 |  12 |  969.1 |
               +--------+--------+--------+--------+--------+-----+--------+

Top non-repeatable levels by time:
     D:2: 2728 daAuts
     D:9: 1589 daAuts
     D:4: 1467 daAuts
     D:1: 1194 daAuts
     D:7: 1044 daAuts
     D:8: 985 daAuts
     D:3: 955 daAuts
     D:5: 890 daAuts
     D:6: 557 daAuts
    D:10: 185 daAuts
    D:12: 19 daAuts
    D:11: 9 daAuts
